 Seeded DCSS version 0.30.1-11-g7821555f0a (webtiles) character file.

Game seed: 893893 (custom seed)

144 lonewolfV2 the Trooper (level 5, -2/44 HPs)
             Began as a Formicid Fighter on Nov 16, 2023.
             Slain by a gnoll sergeant
             ... wielding a +0 trident
              (6 damage)
             ... on level 2 of the Dungeon.
             The game lasted 00:02:00 (1357 turns).

lonewolfV2 the Trooper (Formicid Fighter)           Turns: 1357, Time: 00:02:00

Health: -2/44      AC:  7    Str: 20    XL:     5   Next: 52%
Magic:  5/5        EV:  9    Int:  8    God:
Gold:   121        SH:  5    Dex: 15    Spells: 4/4 levels left

rFire   . . .        a - +0 war axe
rCold   . . .        c - +0 buckler
rNeg    . . .        b - +0 scale mail
rPois   .            (helmet unavailable)
rElec   .            (no cloak)
rCorr   .            (no gloves)
SInv    +            (no boots)
Will    .....        (no amulet) Stlth
                     (no ring)
HPRegen 0.27/turn    (no ring)
MPRegen 0.09/turn

%: no passive effects
@: mighty
A: permanent stasis, dig shafts and tunnels, antennae 3, four strong arms
a: Dig, Shaft Self


You were on level 2 of the Dungeon.
You visited 1 branch of the dungeon, and saw 2 of its levels.

You collected 121 gold pieces.

Inventory:

Hand Weapons
 a - a +0 war axe (weapon)
Armour
 b - a +0 scale mail (worn)
 c - a +0 buckler (worn)
Scrolls
 g - 3 scrolls of noise
Potions
 e - a potion of mutation {unknown}


   Skills:
 + Level 5.0 Fighting
 - Level 2.0 Axes
 + Level 5.0 Armour
 - Level 4.0 Shields


You had 4 spell levels left.
You didn't know any spells.
Your spell library was empty.

Dungeon Overview and Level Annotations

Branches:
Dungeon (2/15)

Altars:

Shops:
D:2 (

Annotations:
D:2 1 runed translucent door, Crazy Yiuf


Innate Abilities, Weirdness & Mutations

You cannot be hasted, slowed, berserked, paralysed or teleported.
You can dig through walls and to a lower floor.
You have a pair of large antennae on your head. (SInv)
Your four strong arms can wield two-handed weapons with a shield.


Message History

The gnoll sergeant hits you with a +0 trident.
You hit the gnoll sergeant.
The gnoll sergeant is lightly wounded.
The gnoll sergeant barely misses you. The gnoll sergeant closely misses you.
You hit the gnoll sergeant but do no damage.
The gnoll sergeant is lightly wounded.
The gnoll sergeant hits you with a +0 trident.
You hit the gnoll sergeant.
The gnoll sergeant is lightly wounded.
You block the gnoll sergeant's attack.
You closely miss the gnoll sergeant.
The gnoll sergeant is lightly wounded.
The gnoll sergeant barely misses you. x2
You completely miss the gnoll sergeant.
The gnoll sergeant is lightly wounded.
The gnoll sergeant barely misses you.
You barely miss the gnoll sergeant.
The gnoll sergeant is lightly wounded.
The gnoll sergeant hits you but does no damage.
The gnoll sergeant hits you with a +0 trident!
* * * LOW HITPOINT WARNING * * *
You hit the gnoll sergeant but do no damage.
The gnoll sergeant is lightly wounded.
The gnoll sergeant barely misses you.
You feel better. The gnoll sergeant barely misses you.
You feel better.
The gnoll sergeant hits you with a +0 trident.
* * * LOW HITPOINT WARNING * * *
You feel very mighty all of a sudden. You block the gnoll sergeant's attack.
You hit the gnoll sergeant.
The gnoll sergeant is moderately wounded.
The gnoll sergeant hits you with a +0 trident.
* * * LOW HITPOINT WARNING * * *
The gnoll sergeant hits you with a +0 trident!
* * * LOW HITPOINT WARNING * * *
You slash the gnoll sergeant!
The gnoll sergeant is severely wounded.
The gnoll sergeant hits you with a +0 trident.
You die...

##..# #.##### ####
##.### #..## #.#
###.# ###...####
#.### #.# ♣#..).{
♣#...#+#..#
....###.#♣ #.....
)♣##[.'∩+..#
........#♣. .... .♣
#.##'##.####
....#####♣.###'###.♣
#........... ....#
♣)........♣
#####.......
....#### ♣../$♣g.♣
#<...... .....).#
♣.♣..@♣ #.(.....
######.## ♣...).♣
#....... #..#
♣♣...♣♣ #.......
##.# ♣)..♣ ########
#.# ♣♣.♣♣ #.# ♣)♣
#.######.#
#......).#
##########


You could see a gnoll sergeant.

Vanquished Creatures
  Natasha (twice) (D:2)
  3 gnolls (D:2)
  An adder (D:2)
  A worm (D:2)
  A dart slug (D:1)
  A ball python (D:1)
  6 endoplasms
  2 giant cockroaches (D:1)
  9 goblins
  5 hobgoblins (D:1)
  3 jackals (D:1)
  4 quokkas
  2 bats (D:1)
  4 frilled lizards
  2 kobolds
  2 rats (D:1)
48 creatures vanquished.

Notes
Turn   | Place    | Note
-------+----------+-------------------------------------------
     0 | D:1      | lonewolfV2 the Formicid Fighter began the quest for the
                  | Orb.
     0 | D:1      | Reached XP level 1. HP: 18/18 MP: 1/1
   105 | D:1      | Reached XP level 2. HP: 21/24 MP: 2/2
   270 | D:1      | Reached XP level 3. HP: 30/30 MP: 3/3
   898 | D:2      | Found a runed translucent door.
   899 | D:2      | Noticed Crazy Yiuf
   982 | D:2      | Reached XP level 4. HP: 24/37 MP: 4/4
   997 | D:2      | Noticed Natasha
  1013 | D:2      | Killed Natasha
  1164 | D:2      | Noticed Natasha
  1173 | D:2      | Killed Natasha
  1174 | D:2      | Reached XP level 5. HP: 38/43 MP: 5/5
  1217 | D:2      | Found Jotoul's Weapon Boutique.
  1332 | D:2      | Reached skill level 5 in Fighting
  1332 | D:2      | Reached skill level 5 in Armour
  1338 | D:2      | Found the +5 woodcutter's axe
  1357 | D:2      | Slain by a gnoll sergeant

Illustrated notes

Levels and vault maps discovered:
D:1:      tarquinn_simple_flora_water_a, layout_basic, serial_bayou_pond_a,
          minmay_tetromino_i4
D:2:      layout_rooms, serial_shops, nicolae_shop_behind_doors,
          pf_guarded_unrand_woodcutter, uniq_crazy_yiuf_cottage, uniq_natasha

Skill      XL: |  1  2  3  4  5 |
---------------+----------------+-----
Fighting       | 4 5 |  5.0
Armour         | 4 5 |  5.0
Axes           | |  2.0
Shields        | |  4.0

Action                     |  1- 3 |  4- 6 || total
---------------------------+-------+-------++-------
  Melee: War axe           |    96 |    57 ||   153
    Use: Scroll            |     2 |       ||     2
         Potion            |       |     3 ||     3
 Armour: Scale mail        |    52 |    21 ||    73
  Dodge: Dodged            |    54 |    28 ||    82
  Block: Buckler           |    25 |    15 ||    40
